 Dungeon Crawl Stone Soup version 0.31.0-11-ge490571c62 (webtiles) character file.

Game seed: 4428332615719908020

1546 Curundu the Cleaver (level 8, -4/54 (71) HPs)
             Began as a Minotaur Berserker on Feb 4, 2024.
             Was a Priest of Trog.
             Killed by divine providence
             ... invoked by Jeremiah
              (11 damage)
             ... on level 6 of the Dungeon.
             The game lasted 00:15:06 (5107 turns).

Curundu the Cleaver (Minotaur Berserker)            Turns: 5107, Time: 00:15:06

HP:   -4/54 (71)    AC: 10    Str: 24    XL:     8   Next: 57%
MP:   7/7           EV: 10    Int:  4    God:    Trog [***...]
Gold: 307           SH:  0    Dex: 10    Spells: 7/7 levels left

rFire   . . .        r - +3 war axe
rCold   . . .        (no shield)
rNeg    . . .        k - +0 chain mail
rPois   .            (helmet restricted)
rElec   .            (no cloak)
rCorr   .            (no gloves)
SInv    .            (no boots)
Will    ++...        (no amulet) Stlth
                     (no ring)
HPRegen 1.29/turn    (no ring)
MPRegen 0.10/turn

%: no passive effects
@: strong-willed, regenerating, studying Throwing, heavily drained
A: horns 2, retaliatory headbutt
a: Renounce Religion, Berserk, Trog's Hand


You were on level 6 of the Dungeon.
You worshipped Trog.
Trog was most pleased with you.
You visited 1 branch of the dungeon, and saw 6 of its levels.

You collected 307 gold pieces.

Inventory:

Hand Weapons
 r - a +3 war axe (weapon)
Missiles
 t - 6 boomerangs (quivered)
Armour
 a - a +1 cloak
 k - a +0 chain mail (worn)
Scrolls
 c - a scroll of immolation {unknown}
 e - 2 scrolls of noise {unknown}
 h - 4 scrolls of teleportation
 j - a scroll of blinking
 p - a scroll of poison
 s - a scroll of identify
Potions
 b - a potion of magic {unknown}
 d - 3 potions of curing
 f - a potion of enlightenment {unknown}
 g - 2 potions of heal wounds
 i - a potion of degeneration {unknown}
 l - a potion of mutation {unknown}
 m - 2 potions of brilliance
 n - a potion of lignification {unknown}
 o - 2 potions of haste {unknown}
 q - a potion of attraction {unknown}


   Skills:
 + Level 6.6 Fighting
 + Level 9.2 Axes
 * Level 1.4 Throwing
 + Level 6.9 Armour
 * Level 4.1 Dodging
 - Level 1.1 Stealth


You had 7 spell levels left.
You didn't know any spells.
Your spell library was empty.

Dungeon Overview and Level Annotations

Branches:
Dungeon (6/15)             Temple (0/1) D:4

Altars:
Elyvilon
Gozag
Makhleb
Vehumet

Annotations:
D:6 Jeremiah


Innate Abilities, Weirdness & Mutations

You have a pair of horns on your head.
You reflexively headbutt those who attack you in melee.


Message History

Jeremiah's eyes momentarily flash bright red.
Jeremiah cries, "Fearful master, protect me!"
Something smites you!
There is an open door here.
You feel yourself speed up.
The butterfly disappears in a burst of colours!
The butterfly disappears in a burst of colours!
The butterfly disappears in a burst of colours!
You recover from your berserk rage.
Jeremiah lets out a twisted cry.
Something smites you!
Jeremiah hops!
Jeremiah looks at their weapon with confusion.
Found a stone staircase leading down.
Jeremiah hits you from afar with a +4 trident of draining!
* * * LOW HITPOINT WARNING * * *
You feel drained.
* * * LOW HITPOINT WARNING * * *
You slash the butterfly!
You kill the butterfly!
The butterfly disappears in a burst of colours!
Jeremiah hits you from afar with a +4 trident of draining.
* * * LOW HITPOINT WARNING * * *
You feel drained.
* * * LOW HITPOINT WARNING * * *
Your skin crawls.
You feel strong-willed.
Jeremiah hops!
You slash the butterfly!
You kill the butterfly!
The butterfly disappears in a burst of colours! x2
Jeremiah hops!
Jeremiah hits you from afar with a +4 trident of draining.
* * * LOW HITPOINT WARNING * * *
You feel drained.
* * * LOW HITPOINT WARNING * * *
Jeremiah shouts, "O dreadful one, destroy my foe!"
Something smites you!
You die...
Jeremiah wails, "I didn't mean to kill anyone!
I'm not a murderer!"

####.# #..# .....####..#
#........#.# #b.......#.#
#...b....#.# .
#....b...#.# ..
+b..$))....##..
.##########Fb...)........
>....b..@.b######.....b..
##########.# #........
#.### #:....... #...#
#..bb#### ###.# #....#
#.####....# #....b#'#.#
#.......#.#
###)###.###.##.


You could see Jeremiah.

Vanquished Creatures
  Eustachio (D:5)
  A steam dragon (D:5)
  A water moccasin (D:5)
  A centaur (D:5)
  A phantom (D:5)
  A kobold brigand (D:5)
  4 scorpions
  A killer bee (D:5)
  A howler monkey (D:5)
  A bombardier beetle (D:5)
  Crazy Yiuf (D:3)
  4 orc priests
  A gnoll bouda (D:5)
  3 iguanas
  A sleepcap (D:4)
  An orc wizard (D:4)
  6 gnolls
  7 adders
  3 dart slugs
  5 ribbon worms
  11 orcs
  4 bats
  3 endoplasms
  2 giant cockroaches
  9 hobgoblins
  2 jackals (D:2)
  A quokka (D:4)
  8 ball pythons
  4 frilled lizards
  4 goblins
  28 kobolds
  9 rats
130 creatures vanquished.

Vanquished Creatures (others)
  A phantom (D:5)
1 creature vanquished.

Grand Total: 131 creatures vanquished

Notes
Turn   | Place    | Note
-------+----------+-------------------------------------------
     0 | D:1      | Curundu the Minotaur Berserker began the quest for the Orb.
     0 | D:1      | Reached XP level 1. HP: 19/19 MP: 0/0
   140 | D:1      | Reached XP level 2. HP: 13/27 MP: 1/1
   143 | D:1      | Reached skill level 4 in Axes
   392 | D:1      | Found a faded altar of an unknown god.
   667 | D:2      | Reached XP level 3. HP: 10/34 MP: 2/2
   983 | D:2      | Found an opulent altar of Gozag.
  1018 | D:2      | Reached ** piety under Trog
  1190 | D:2      | Reached XP level 4. HP: 41/41 MP: 3/3
  1860 | D:3      | Found a burning altar of Makhleb.
  1869 | D:3      | Found a white marble altar of Elyvilon.
  1934 | D:3      | Found a runed translucent door.
  1935 | D:3      | Noticed Crazy Yiuf
  2257 | D:3      | Found a radiant altar of Vehumet.
  2418 | D:3      | Paralysed by Crazy Yiuf for 1 turns
  2420 | D:3      | Killed Crazy Yiuf
  2421 | D:3      | Reached skill level 1 in Stealth
  2421 | D:3      | Reached XP level 5. HP: 35/47 MP: 4/4
  2534 | D:4      | Reached skill level 5 in Axes
  2641 | D:4      | Found a staircase to the Ecumenical Temple.
  2891 | D:4      | Reached skill level 5 in Fighting
  2891 | D:4      | Reached XP level 6. HP: 40/56 MP: 5/5
  3258 | D:5      | Entered Level 5 of the Dungeon
  3282 | D:5      | Reached skill level 6 in Axes
  3324 | D:5      | Reached XP level 7. HP: 19/61 MP: 6/6
  3622 | D:5      | Reached skill level 5 in Armour
  3723 | D:5      | Reached skill level 7 in Axes
  3918 | D:5      | Identified the +8 orcbow of the Bear {elec, Int+2}
  3969 | D:5      | Reached *** piety under Trog
  4245 | D:5      | Noticed a steam dragon
  4251 | D:5      | Reached skill level 8 in Axes
  4256 | D:5      | Killed a steam dragon
  4257 | D:5      | Reached XP level 8. HP: 64/70 MP: 7/7
  4336 | D:5      | Noticed Eustachio
  4352 | D:5      | Killed Eustachio
  4651 | D:5      | Identified the +8 spear of Legias {drain, *Noise Str+9
                  | Int-3 Stlth+}
  4999 | D:6      | Reached skill level 9 in Axes
  5009 | D:6      | Reached skill level 1 in Throwing
  5032 | D:6      | Noticed Jeremiah
  5107 | D:6      | Killed from afar by Jeremiah

Illustrated notes

Levels and vault maps discovered:
D:1:      minmay_arrival_doors, layout_rooms,
          shapermc_ecumenical_altar_totnotflames
D:2:      layout_basic, basic_altar
D:3:      layout_basic, general_overflow_altar, mainiacjoe_overflow_swirl,
          minivault_5, uniq_crazy_yiuf_cottage
D:4:      layout_basic, minmay_temple_entry_antechambers,
          minmay_misc_feat_more_columns
D:5:      kennysheep_kobold_camp, layout_cave_pods, minmay_manual_moon,
          uniq_eustachio
D:6:      layout_basic, lemuel_flamethrower_2, uniq_jeremiah

Skill      XL: |  1  2  3  4  5  6  7  8 |
---------------+-------------------------+-----
Axes           | 4 5 6 8 9 |  9.2
Fighting       | 4 5 6 |  6.6
Armour         | 3 4 6 |  6.9
Dodging        | 3 4 |  4.1
Stealth        | 1 |  1.1
Throwing       | 1 |  1.4

Action                     |  1- 3 |  4- 6 |  7- 9 || total
---------------------------+-------+-------+-------++-------
  Melee: Hand axe          |    85 |    37 |       ||   122
         Headbutt          |    15 |    18 |    25 ||    58
         Punch             |     1 |       |     2 ||     3
         War axe           |       |    79 |   123 ||   202
 Invoke: Trog's Hand       |       |     2 |     6 ||     8
         Berserk           |       |       |     2 ||     2
    Use: Scroll            |       |    13 |       ||    13
         Potion            |       |       |     1 ||     1
 Armour: Animal skin       |    64 |       |       ||    64
         Chain mail        |     7 |   107 |   104 ||   218
  Dodge: Dodged            |    57 |    66 |    56 ||   179
